 Dungeon Crawl Stone Soup version 0.26.1-11-gd32895ea62 (webtiles) character file.

Game seed: 15139057309164301601

63 Tyagj the Chiller (level 4, -1/30 HPs)
             Began as a Human Ice Elementalist on May 19, 2021.
             Slain by a worker ant (6 damage)
             ... on level 2 of the Dungeon.
             The game lasted 00:29:26 (3073 turns).

Tyagj the Chiller (Human Ice Elementalist)          Turns: 3073, Time: 00:29:27

Health: -1/30      AC:  5    Str:  8    XL:     4   Next: 31%
Magic:  3/8        EV: 10    Int: 16    God:
Gold:   90         SH:  0    Dex: 14    Spells: 7/8 levels left

rFire    . . .     SeeInvis .   m - +0 short sword
rCold    . . .     Faith    .   (no shield)
rNeg     . . .     Spirit   .   i - +0 ring mail
rPois    .         Reflect  .   (no helmet)
rElec    .         Harm     .   (no cloak)
rCorr    .         Rampage  .   (no gloves)
Will     .....                  (no boots)
Stlth    ++........             (no amulet)
HPRegen  0.10/turn              b - ring of stealth
MPRegen  0.11/turn              (no ring)

@: lethally poisoned (-1 -> -8)
A: no striking features
a: no special abilities


You were on level 2 of the Dungeon.
You visited 1 branch of the dungeon, and saw 2 of its levels.

You collected 90 gold pieces.

Inventory:

Hand Weapons
 e - a +0 hand axe
 g - a +0 whip
 j - a +0 short sword
 k - a +0 whip
 l - a +0 spear
 m - a +0 short sword (weapon)
 p - a +0 dagger
 q - a cursed -2 flail
 r - a +0 mace
Missiles
 h - 40 arrows
 n - 12 bolts
Armour
 a - a +0 robe
 f - a +0 leather armour
 i - a +0 ring mail (worn)
 o - a +0 ring mail
 t - a +0 robe
Jewellery
 b - a ring of stealth (left hand)
Wands
 s - a wand of flame (25) (quivered)
Scrolls
 c - a scroll of enchant weapon
Potions
 d - a potion of cancellation


   Skills:
 + Level 0.1 Fighting
 + Level 0.6 Armour
 + Level 2.4 Dodging
 + Level 2.0 Stealth
 + Level 0.1 Unarmed Combat
 + Level 2.7 Spellcasting
 + Level 4.6 Ice Magic


You had 7 spell levels left.
You knew the following spells:

 Your Spells              Type           Power        Failure   Level
a - Freeze                Ice            68%          9%          1

Your spell library contained the following spells:

 Spells                   Type           Power        Failure   Level
 Frozen Ramparts          Ice            34%          26%         3
 Ozocubu's Armour         Ice            17%          26%         3
 Hailstorm                Conj/Ice       9%           92%         4
 Summon Ice Beast         Ice/Summ       9%           92%         4


Dungeon Overview and Level Annotations

Branches:
Dungeon (2/15)

Altars:
Gozag
Zin


Message History

Aim: a worker ant You freeze the worker ant.
The worker ant is lightly wounded.
The orc wizard gestures wildly while chanting.
The orc wizard blinks!
The worker ant closely misses you.
Your magical contamination has completely faded away.
Casting: Freeze (safe; 9% risk of failure)
Confirm with . or Enter, or press ? or * to list all spells.
Aiming: Freeze (safe; 9% risk of failure)
Press: ? - help, Shift-Dir - straight line, f/p - worker ant
Aim: a worker ant (lightly wounded)
You freeze the worker ant.
The worker ant is moderately wounded.
The worker ant bites you.
* * * LOW HITPOINT WARNING * * *
You are lethally poisoned!
The worker ant poisons you!
* * * LOW HITPOINT WARNING * * *
You feel sick. The worker ant bites you.
You die...

### #.# ########### ..#
#..........
#.#######.#########
#)##....#.# #B##.##.#.#
#.@ยง..#.#.#########
####.o#.#.#........
..#..#.#.#.##..... ##
#.#..#.#.#.##..... ###.
#.#..#.#.#.##..... ...
#.#..#.#.#.####'##
####.###.#..#.#.#.####.##
+.....)..................
..###...#######.#.#.####.##


You could see a worker ant and an orc wizard.

Vanquished Creatures
  An adder (D:2)
  2 leopard geckos (D:1)
  6 orcs (D:2)
  11 bats
  2 giant cockroaches
  6 hobgoblins
  3 frilled lizards (D:1)
  2 goblins (D:1)
  7 kobolds
  5 rats
45 creatures vanquished.

Notes
Turn   | Place    | Note
-------+----------+-------------------------------------------
     0 | D:1      | Tyagj the Human Ice Elementalist began the quest for the
                  | Orb.
     0 | D:1      | Reached XP level 1. HP: 13/13 MP: 3/3
   378 | D:1      | Reached XP level 2. HP: 5/19 MP: 3/5
   742 | D:1      | Reached XP level 3. HP: 23/24 MP: 2/6
  2192 | D:2      | Reached XP level 4. HP: 13/30 MP: 2/8
  2992 | D:2      | Found a glowing silver altar of Zin.
  2996 | D:2      | Found an opulent altar of Gozag.
  3073 | D:2      | Slain by a worker ant

Illustrated notes

Levels and vault maps discovered:
D:1:      dpeg_arrival_round_b, layout_rooms
D:2:      layout_basic, grunt_temple_overflow_gold_and_silver, uniq_natasha

Action                   |  1- 3 |  4- 6 || total
-------------------------+-------+-------++-------
Melee: Unarmed           |    43 |       ||    43
       Short sword       |    29 |    37 ||    66
 Cast: Freeze            |    38 |     6 ||    44
Evoke: Wand              |     1 |       ||     1
  Use: Potion            |     3 |     3 ||     6
       Scroll            |     3 |       ||     3
 Stab: Sleeping          |     2 |     2 ||     4
Armor: Robe              |    21 |       ||    21
       Ring mail         |    26 |    20 ||    46
Dodge: Dodged            |    87 |    22 ||   109
